[ PARTIDA AOE2 · #493744217 ]
UnrankedWu vs Huns
[ ANÁLISIS DE REPETICIÓN · EXTRAÍDO DE LA PARTIDA GRABADA ]
Feudal
13:39
Castillos
18:24
Imperial
—
| APM promedio | 17.8 |
| APM pico | 41 |
| eAPM promedio | 9.2 |
| Aldeanos / militares | 51 / 2 |
Foco
⚔️ 25.3% · 🌾 74.7%
Unknown (1968) ×32 · Fishing Ship ×17 · Transport Ship ×2
Feudal
12:51
Castillos
20:55
Imperial
38:31
| APM promedio | 47.7 |
| APM pico | 99 |
| eAPM promedio | 16.7 |
| Aldeanos / militares | 91 / 103 |
Foco
⚔️ 29.8% · 🌾 70.2%
Cavalry Archer ×88 · Archer ×10 · Fishing Ship ×4 · Scout Cavalry ×4 · Monk ×1
Feudal
16:12
Castillos
19:58
Imperial
27:21
| APM promedio | 32.6 |
| APM pico | 73 |
| eAPM promedio | 21.8 |
| Aldeanos / militares | 126 / 138 |
Foco
⚔️ 39.6% · 🌾 60.4%
Spearman ×83 · Knight ×33 · Fishing Ship ×20 · Leitis ×6 · Trebuchet (Packed) ×6 · Fire Galley ×5
Feudal
13:21
Castillos
26:33
Imperial
—
| APM promedio | 40.6 |
| APM pico | 118 |
| eAPM promedio | 25.3 |
| Aldeanos / militares | 114 / 138 |
Foco
⚔️ 48.5% · 🌾 51.5%
Samurai ×53 · Skirmisher ×39 · Battering Ram ×18 · Fishing Ship ×12 · Archer ×11 · Militia ×8
Feudal
13:55
Castillos
18:40
Imperial
41:50
| APM promedio | 21.8 |
| APM pico | 77 |
| eAPM promedio | 13.6 |
| Aldeanos / militares | 151 / 32 |
Foco
⚔️ 18.8% · 🌾 81.2%
Chu Ko Nu ×21 · Fishing Ship ×13 · Battering Ram ×7 · Unknown (2626) ×6 · Trebuchet (Packed) ×4
Feudal
13:58
Castillos
25:06
Imperial
37:06
| APM promedio | 19.6 |
| APM pico | 44 |
| eAPM promedio | 13.2 |
| Aldeanos / militares | 124 / 203 |
Foco
⚔️ 27.4% · 🌾 72.6%
Fishing Ship ×74 · Scout Cavalry ×68 · Knight ×57 · Cavalry Archer ×36 · Fire Galley ×27 · Battering Ram ×10
Feudal
14:29
Castillos
18:45
Imperial
—
| APM promedio | 28.8 |
| APM pico | 48 |
| eAPM promedio | 15.9 |
| Aldeanos / militares | 89 / 80 |
Foco
⚔️ 29.2% · 🌾 70.8%
Chakram Thrower ×46 · Shrivamsha Rider ×25 · Fishing Ship ×5 · Mangonel ×3 · Scorpion ×2 · Demolition Raft ×2
Feudal
13:01
Castillos
25:27
Imperial
—
| APM promedio | 40.9 |
| APM pico | 82 |
| eAPM promedio | 24.5 |
| Aldeanos / militares | 145 / 64 |
Foco
⚔️ 23.6% · 🌾 76.4%
Camel Scout ×28 · Skirmisher ×22 · Scout Cavalry ×8 · Spearman ×6
Mapa de la partida
Recursos iniciales + cada clic de construcción. Líneas = muros · curvas = relieve. ◆ oro · ⬟ piedra · ● bayas · ✦ reliquia · ◌ hueco del cierre
Tu base· Abierta — hueco de 14t
Base de AztecKiller2427· Abierta — hueco de 9t
Base de yenyang· Abierta — hueco de 10t
Base de LRNI MarinM· Abierta — hueco de 3t
Base de Boroo· Abierta — hueco de 15t
Base de LRNI_robotech· Abierta — hueco de 2t
Base de SaynhurChouk· Abierta — hueco de 6t
Base de LRNI_UzuI· Abierta — hueco de 12t
Terreno inicial suavizado · ◌ = hueco del cierre detectado · pasá el cursor para detalles
Inputs por minuto
— LRNI_Ghost-Jhon - - AztecKiller2427
Build order — LRNI_Ghost-Jhon
Primeras 150 de 152 acciones detectadas
| 0:44 | Construir | Town Center |
| 0:50 | Construir | House |
| 2:38 | Construir | Dock |
| 3:08 | Crear | Villager (Male) |
| 3:08 | Crear | Villager (Male) |
| 3:09 | Crear | Villager (Male) |
| 3:09 | Crear | Villager (Male) |
| 3:10 | Crear | Villager (Male) |
| 3:40 | Investigar | Loom |
| 3:41 | Crear | Villager (Male) |
| 3:41 | Crear | Villager (Male) |
| 4:11 | Crear | Fishing Ship |
| 4:35 | Construir | House |
| 5:21 | Crear | Fishing Ship |
| 5:34 | Crear | Villager (Male) |
| 5:35 | Crear | Villager (Male) |
| 5:47 | Construir | House |
| 5:54 | Crear | Fishing Ship |
| 5:55 | Crear | Fishing Ship |
| 6:39 | Crear | Fishing Ship |
| 6:39 | Crear | Fishing Ship |
| 6:44 | Crear | Villager (Male) |
| 6:45 | Crear | Villager (Male) |
| 7:11 | Crear | Fishing Ship |
| 7:11 | Crear | Fishing Ship |
| 7:15 | Crear | Villager (Male) |
| 7:15 | Crear | Villager (Male) |
| 7:38 | Crear | Villager (Male) |
| 7:38 | Crear | Villager (Male) |
| 8:05 | Crear | Villager (Male) |
| 8:05 | Crear | Villager (Male) |
| 8:10 | Crear | Fishing Ship |
| 8:10 | Crear | Fishing Ship |
| 8:10 | Crear | Fishing Ship |
| 8:12 | Construir | House |
| 8:13 | Construir | House |
| 8:18 | Crear | Villager (Male) |
| 8:18 | Crear | Villager (Male) |
| 8:43 | Crear | Villager (Male) |
| 8:58 | Crear | Villager (Male) |
| 9:02 | Construir | House |
| 9:26 | Construir | House |
| 9:31 | Construir | Mill |
| 9:49 | Crear | Villager (Male) |
| 9:50 | Crear | Villager (Male) |
| 10:11 | Crear | Fishing Ship |
| 10:13 | Crear | Fishing Ship |
| 10:26 | Crear | Villager (Male) |
| 10:59 | Crear | Villager (Male) |
| 11:26 | Investigar | Feudal Age |
| 11:26 | Investigar | Feudal Age |
| 11:29 | Construir | Mining Camp |
| 11:40 | Crear | Fishing Ship |
| 11:59 | Crear | Fishing Ship |
| 12:10 | Crear | Villager (Male) |
| 12:32 | Crear | Villager (Male) |
| 13:39 | Edad | Edad Feudal |
| 13:44 | Crear | Villager (Male) |
| 13:54 | Construir | Lumber Camp |
| 14:14 | Construir | Market |
| 14:22 | Crear | Villager (Male) |
| 14:47 | Construir | Blacksmith |
| 14:47 | Crear | Villager (Male) |
| 15:05 | Crear | Villager (Male) |
| 15:15 | Investigar | Double-Bit Axe |
| 15:31 | Investigar | Castle Age |
| 15:46 | Investigar | Horse Collar |
| 15:53 | Construir | House |
| 15:54 | Construir | House |
| 15:56 | Construir | House |
| 16:45 | Construir | Dock |
| 18:24 | Edad | Edad de los Castillos |
| 18:45 | Construir | Castle |
| 18:55 | Crear | Villager (Male) |
| 18:55 | Crear | Villager (Male) |
| 19:31 | Construir | Town Center |
| 19:37 | Investigar | Fletching |
| 19:42 | Crear | Villager (Male) |
| 19:43 | Crear | Villager (Male) |
| 20:23 | Crear | Villager (Male) |
| 20:24 | Crear | Villager (Male) |
| 20:50 | Crear | Unit 1968 |
| 20:51 | Crear | Unit 1968 |
| 20:51 | Crear | Unit 1968 |
| 20:58 | Crear | Villager (Male) |
| 21:21 | Crear | Unit 1968 |
| 21:24 | Crear | Villager (Male) |
| 21:26 | Crear | Villager (Male) |
| 21:26 | Crear | Villager (Male) |
| 21:26 | Crear | Villager (Male) |
| 21:29 | Crear | Villager (Male) |
| 21:33 | Investigar | Gold Mining |
| 21:39 | Crear | Unit 1968 |
| 21:51 | Investigar | Padded Archer Armor |
| 21:56 | Construir | Lumber Camp |
| 22:02 | Crear | Villager (Male) |
| 22:02 | Crear | Villager (Male) |
| 22:06 | Crear | Unit 1968 |
| 22:07 | Crear | Unit 1968 |
| 22:32 | Crear | Villager (Male) |
| 22:38 | Crear | Unit 1968 |
| 22:39 | Crear | Unit 1968 |
| 23:02 | Crear | Unit 1968 |
| 23:18 | Crear | Unit 1968 |
| 23:18 | Crear | Unit 1968 |
| 23:29 | Construir | Farm |
| 23:29 | Construir | Farm |
| 23:29 | Construir | Farm |
| 23:29 | Construir | Farm |
| 23:29 | Construir | Farm |
| 23:30 | Construir | Farm |
| 23:32 | Construir | Farm |
| 23:38 | Construir | Farm |
| 23:38 | Construir | Farm |
| 23:39 | Construir | Farm |
| 23:39 | Construir | Farm |
| 23:45 | Construir | Farm |
| 23:58 | Crear | Unit 1968 |
| 23:58 | Crear | Unit 1968 |
| 24:40 | Crear | Villager (Male) |
| 24:40 | Crear | Villager (Male) |
| 24:42 | Crear | Unit 1968 |
| 24:42 | Crear | Unit 1968 |
| 25:16 | Crear | Unit 1968 |
| 25:16 | Crear | Unit 1968 |
| 25:35 | Crear | Villager (Male) |
| 25:55 | Construir | Farm |
| 26:00 | Crear | Unit 1968 |
| 26:00 | Crear | Unit 1968 |
| 26:01 | Crear | Unit 1968 |
| 27:20 | Crear | Unit 1968 |
| 27:21 | Crear | Unit 1968 |
| 28:29 | Construir | Castle |
| 28:41 | Crear | Unit 1968 |
| 29:53 | Crear | Villager (Male) |
| 29:53 | Crear | Villager (Male) |
| 31:13 | Construir | Lumber Camp |
| 33:59 | Construir | Town Center |
| 34:04 | Crear | Unit 1968 ×4 |
| 34:05 | Crear | Unit 1968 ×4 |
| 34:41 | Construir | Dock |
| 35:19 | Construir | Market |
| 36:49 | Construir | Siege Workshop |
| 37:14 | Crear | Transport Ship |
| 37:14 | Crear | Transport Ship |
| 40:15 | Construir | Market |
| 41:03 | Construir | Lumber Camp |
| 42:18 | Construir | Town Center |
| 42:58 | Construir | Dock |
| 43:35 | Construir | Dock |
Build order — AztecKiller2427
Primeras 150 de 263 acciones detectadas
| 0:05 | Construir | Town Center |
| 2:21 | Crear | Villager (Male) |
| 2:21 | Crear | Villager (Male) |
| 2:21 | Crear | Villager (Male) |
| 2:22 | Crear | Villager (Male) |
| 2:22 | Crear | Villager (Male) |
| 3:52 | Crear | Villager (Male) |
| 3:52 | Crear | Villager (Male) |
| 4:03 | Crear | Villager (Male) |
| 4:50 | Crear | Villager (Male) |
| 4:50 | Crear | Villager (Male) |
| 5:04 | Crear | Villager (Male) |
| 5:14 | Construir | Dock |
| 5:33 | Investigar | Loom |
| 5:49 | Crear | Villager (Male) |
| 6:22 | Crear | Fishing Ship |
| 6:28 | Crear | Villager (Male) |
| 6:59 | Crear | Fishing Ship |
| 7:00 | Crear | Villager (Male) |
| 7:22 | Construir | Lumber Camp |
| 7:23 | Crear | Villager (Male) |
| 7:41 | Crear | Villager (Male) |
| 8:07 | Crear | Villager (Male) |
| 8:16 | Construir | Mill |
| 8:24 | Crear | Villager (Male) |
| 8:56 | Construir | Barracks |
| 9:06 | Crear | Villager (Male) |
| 9:25 | Crear | Villager (Male) |
| 10:20 | Construir | Palisade Gate |
| 10:22 | Construir | Palisade Wall |
| 10:25 | Construir | Palisade Wall |
| 10:28 | Construir | Palisade Wall |
| 10:41 | Investigar | Feudal Age |
| 10:42 | Investigar | Feudal Age |
| 11:35 | Construir | Palisade Gate |
| 11:37 | Construir | Palisade Wall |
| 11:41 | Construir | Palisade Wall |
| 11:42 | Construir | Palisade Wall |
| 12:51 | Edad | Edad Feudal |
| 12:56 | Crear | Villager (Male) |
| 13:01 | Construir | Stable |
| 13:05 | Construir | Blacksmith |
| 13:09 | Construir | Farm |
| 13:10 | Crear | Villager (Male) |
| 13:27 | Crear | Villager (Male) |
| 13:31 | Crear | Fishing Ship |
| 14:01 | Crear | Scout Cavalry |
| 14:01 | Crear | Scout Cavalry |
| 14:15 | Construir | Market |
| 14:20 | Crear | Villager (Male) |
| 14:30 | Crear | Villager (Male) |
| 14:34 | Crear | Scout Cavalry |
| 14:43 | Construir | Mining Camp |
| 14:56 | Crear | Fishing Ship |
| 14:57 | Crear | Villager (Male) |
| 15:15 | Crear | Scout Cavalry |
| 15:17 | Crear | Villager (Male) |
| 15:25 | Construir | Palisade Gate |
| 15:31 | Construir | Palisade Wall |
| 15:34 | Construir | Palisade Wall |
| 15:37 | Crear | Villager (Male) |
| 15:44 | Construir | Farm |
| 15:46 | Construir | Farm |
| 16:22 | Crear | Villager (Male) |
| 16:36 | Construir | Farm |
| 16:40 | Construir | Farm |
| 16:41 | Construir | Farm |
| 17:02 | Construir | Farm |
| 18:01 | Construir | Archery Range |
| 18:15 | Investigar | Castle Age |
| 18:16 | Investigar | Castle Age |
| 18:22 | Construir | Archery Range |
| 18:36 | Investigar | Fletching |
| 19:13 | Investigar | Horse Collar |
| 19:54 | Construir | Archery Range |
| 20:06 | Construir | Archery Range |
| 20:28 | Investigar | Bloodlines |
| 20:30 | Investigar | Double-Bit Axe |
| 20:45 | Investigar | Padded Archer Armor |
| 20:55 | Edad | Edad de los Castillos |
| 20:57 | Investigar | Bodkin Arrow |
| 21:00 | Crear | Cavalry Archer |
| 21:00 | Crear | Cavalry Archer |
| 21:16 | Construir | University |
| 21:21 | Crear | Cavalry Archer |
| 21:22 | Crear | Cavalry Archer |
| 21:23 | Crear | Villager (Male) |
| 21:39 | Crear | Cavalry Archer |
| 21:40 | Crear | Cavalry Archer |
| 21:42 | Crear | Cavalry Archer |
| 21:42 | Crear | Cavalry Archer |
| 22:01 | Crear | Villager (Male) |
| 22:16 | Crear | Cavalry Archer |
| 22:16 | Crear | Cavalry Archer |
| 22:16 | Crear | Cavalry Archer |
| 22:17 | Crear | Villager (Male) |
| 22:25 | Construir | Farm |
| 22:26 | Construir | Farm |
| 22:50 | Investigar | Ballistics |
| 22:50 | Investigar | Ballistics |
| 23:08 | Crear | Cavalry Archer |
| 23:08 | Crear | Cavalry Archer |
| 23:09 | Crear | Cavalry Archer |
| 23:09 | Crear | Villager (Male) |
| 23:09 | Crear | Villager (Male) |
| 23:16 | Investigar | Husbandry |
| 24:07 | Crear | Cavalry Archer |
| 24:07 | Crear | Cavalry Archer |
| 24:08 | Crear | Cavalry Archer |
| 24:08 | Crear | Cavalry Archer |
| 24:09 | Crear | Villager (Male) |
| 24:09 | Crear | Villager (Male) |
| 24:10 | Crear | Villager (Male) |
| 24:18 | Construir | Lumber Camp |
| 24:39 | Crear | Cavalry Archer |
| 24:39 | Crear | Cavalry Archer |
| 24:40 | Crear | Cavalry Archer |
| 24:59 | Crear | Villager (Male) |
| 25:04 | Crear | Cavalry Archer |
| 25:04 | Crear | Cavalry Archer |
| 25:44 | Crear | Villager (Male) |
| 25:54 | Construir | Town Center |
| 25:59 | Construir | Monastery |
| 26:04 | Crear | Cavalry Archer ×2 |
| 26:04 | Crear | Cavalry Archer ×2 |
| 26:49 | Crear | Villager (Male) |
| 26:53 | Crear | Monk |
| 26:57 | Crear | Villager (Male) |
| 26:57 | Crear | Villager (Male) |
| 26:59 | Crear | Cavalry Archer ×2 |
| 26:59 | Crear | Cavalry Archer ×2 |
| 27:22 | Crear | Villager (Male) |
| 27:26 | Construir | Farm |
| 27:32 | Crear | Cavalry Archer ×2 |
| 27:33 | Crear | Cavalry Archer ×2 |
| 27:33 | Crear | Villager (Male) |
| 28:18 | Crear | Villager (Male) |
| 28:42 | Crear | Villager (Male) |
| 29:31 | Crear | Villager (Male) |
| 29:33 | Crear | Cavalry Archer ×5 |
| 29:33 | Crear | Cavalry Archer ×5 |
| 29:34 | Investigar | Thumb Ring |
| 29:35 | Crear | Villager (Male) |
| 30:12 | Crear | Cavalry Archer ×3 |
| 30:12 | Crear | Cavalry Archer ×3 |
| 30:14 | Crear | Villager (Male) |
| 30:14 | Crear | Villager (Male) |
| 30:18 | Crear | Villager (Male) |
| 30:20 | Construir | Farm |
| 30:23 | Investigar | Heavy Plow |
Build order — yenyang
Primeras 150 de 454 acciones detectadas
| 0:23 | Construir | Town Center |
| 2:24 | Construir | House |
| 2:33 | Crear | Villager (Male) |
| 2:34 | Crear | Villager (Male) |
| 2:34 | Crear | Villager (Male) |
| 2:34 | Crear | Villager (Male) |
| 2:34 | Crear | Villager (Male) |
| 2:35 | Crear | Villager (Male) |
| 3:29 | Construir | Dock |
| 4:07 | Crear | Fishing Ship |
| 4:22 | Construir | House |
| 4:46 | Crear | Fishing Ship |
| 4:53 | Investigar | Loom |
| 5:14 | Construir | House |
| 5:18 | Construir | Palisade Wall |
| 5:37 | Crear | Villager (Male) |
| 5:37 | Crear | Villager (Male) |
| 5:49 | Crear | Fishing Ship |
| 6:16 | Construir | House |
| 6:22 | Crear | Villager (Male) |
| 6:22 | Crear | Villager (Male) |
| 6:38 | Crear | Villager (Male) |
| 6:38 | Crear | Villager (Male) |
| 6:44 | Crear | Fishing Ship |
| 6:59 | Construir | Palisade Wall |
| 7:02 | Crear | Villager (Male) |
| 7:02 | Crear | Villager (Male) |
| 7:22 | Crear | Villager (Male) |
| 7:22 | Crear | Villager (Male) |
| 7:35 | Crear | Villager (Male) |
| 7:35 | Crear | Villager (Male) |
| 7:35 | Crear | Villager (Male) |
| 7:38 | Crear | Fishing Ship |
| 8:04 | Crear | Villager (Male) |
| 8:04 | Crear | Villager (Male) |
| 8:21 | Crear | Villager (Male) |
| 8:22 | Crear | Villager (Male) |
| 8:23 | Crear | Fishing Ship |
| 8:48 | Crear | Villager (Male) |
| 8:48 | Crear | Villager (Male) |
| 8:49 | Crear | Villager (Male) |
| 8:53 | Construir | House |
| 9:03 | Construir | Lumber Camp |
| 9:10 | Crear | Villager (Male) |
| 9:10 | Crear | Villager (Male) |
| 9:10 | Crear | Villager (Male) |
| 10:10 | Construir | Dock |
| 10:21 | Crear | Fishing Ship |
| 10:26 | Construir | House |
| 10:44 | Construir | House |
| 10:50 | Crear | Villager (Male) |
| 10:52 | Crear | Fishing Ship |
| 10:53 | Crear | Fishing Ship |
| 11:00 | Construir | House |
| 11:19 | Construir | Mining Camp |
| 11:20 | Crear | Villager (Male) |
| 11:23 | Crear | Fishing Ship |
| 11:41 | Crear | Villager (Male) |
| 11:43 | Crear | Fishing Ship |
| 11:57 | Crear | Villager (Male) |
| 12:03 | Construir | House |
| 12:05 | Construir | Palisade Wall |
| 12:06 | Construir | Palisade Wall |
| 12:15 | Crear | Fishing Ship |
| 12:21 | Crear | Fishing Ship |
| 12:31 | Crear | Villager (Male) |
| 12:50 | Crear | Villager (Male) |
| 12:53 | Crear | Fishing Ship |
| 12:54 | Crear | Fishing Ship |
| 13:17 | Construir | House |
| 13:24 | Construir | Palisade Wall |
| 13:28 | Crear | Villager (Male) |
| 13:31 | Crear | Fishing Ship |
| 13:33 | Crear | Fishing Ship |
| 13:50 | Construir | Dock |
| 14:02 | Investigar | Feudal Age |
| 14:02 | Investigar | Feudal Age |
| 14:20 | Construir | Mill |
| 14:31 | Crear | Fishing Ship |
| 14:35 | Crear | Fishing Ship |
| 15:57 | Crear | Fishing Ship |
| 16:03 | Crear | Villager (Male) |
| 16:03 | Crear | Villager (Male) |
| 16:12 | Edad | Edad Feudal |
| 16:15 | Construir | Market |
| 16:19 | Construir | Blacksmith |
| 16:27 | Crear | Fire Galley |
| 16:28 | Crear | Fire Galley |
| 16:31 | Crear | Fire Galley |
| 16:58 | Construir | House |
| 17:18 | Investigar | Castle Age |
| 17:18 | Investigar | Castle Age |
| 17:20 | Investigar | Double-Bit Axe |
| 17:23 | Investigar | Gold Mining |
| 17:23 | Investigar | Gold Mining |
| 17:24 | Investigar | Tech 906 |
| 18:15 | Construir | House |
| 18:47 | Crear | Fire Galley |
| 18:48 | Crear | Fire Galley |
| 19:58 | Edad | Edad de los Castillos |
| 20:00 | Crear | Villager (Male) |
| 20:01 | Crear | Villager (Male) |
| 20:04 | Investigar | Bow Saw |
| 20:09 | Construir | Monastery |
| 20:17 | Construir | Town Center |
| 20:29 | Investigar | Gillnets |
| 20:29 | Investigar | Gillnets |
| 20:31 | Crear | Villager (Male) |
| 20:31 | Crear | Villager (Male) |
| 20:38 | Construir | Town Center |
| 20:45 | Crear | Monk |
| 20:49 | Crear | Villager (Male) |
| 21:03 | Crear | Villager (Male) |
| 21:09 | Construir | House |
| 21:14 | Crear | Villager (Male) |
| 21:50 | Crear | Villager (Male) |
| 22:00 | Construir | House |
| 22:03 | Crear | Villager (Male) |
| 22:05 | Crear | Villager (Male) |
| 22:05 | Crear | Villager (Male) |
| 22:05 | Crear | Villager (Male) |
| 22:32 | Crear | Villager (Male) |
| 22:35 | Crear | Villager (Male) |
| 22:38 | Crear | Villager (Male) |
| 22:38 | Crear | Villager (Male) |
| 22:38 | Crear | Villager (Male) |
| 22:42 | Crear | Villager (Male) |
| 22:50 | Crear | Villager (Male) |
| 23:01 | Construir | University |
| 23:07 | Crear | Villager (Male) |
| 23:07 | Crear | Villager (Male) |
| 23:08 | Crear | Villager (Male) |
| 23:09 | Crear | Villager (Male) |
| 23:19 | Construir | Town Center |
| 23:22 | Crear | Villager (Male) |
| 23:40 | Crear | Villager (Male) |
| 23:42 | Crear | Villager (Male) |
| 23:43 | Crear | Villager (Male) |
| 23:54 | Construir | Barracks |
| 23:59 | Crear | Villager (Male) |
| 24:05 | Investigar | Imperial Age |
| 24:08 | Crear | Villager (Male) |
| 24:11 | Investigar | Forging |
| 24:13 | Crear | Villager (Male) |
| 24:13 | Crear | Villager (Male) |
| 24:16 | Investigar | Horse Collar |
| 24:52 | Crear | Villager (Male) |
| 24:54 | Crear | Villager (Male) |
| 25:03 | Construir | Stable |
| 25:10 | Construir | Mining Camp |
Build order — LRNI MarinM
Primeras 150 de 377 acciones detectadas
| 0:10 | Construir | Town Center |
| 1:46 | Construir | House |
| 2:24 | Crear | Villager (Male) |
| 2:24 | Crear | Villager (Male) |
| 2:24 | Crear | Villager (Male) |
| 2:24 | Crear | Villager (Male) |
| 3:31 | Crear | Villager (Male) |
| 3:31 | Crear | Villager (Male) |
| 4:07 | Crear | Villager (Male) |
| 4:08 | Crear | Villager (Male) |
| 4:24 | Construir | House |
| 4:43 | Crear | Villager (Male) |
| 4:43 | Crear | Villager (Male) |
| 5:28 | Construir | House |
| 5:31 | Crear | Villager (Male) |
| 5:31 | Crear | Villager (Male) |
| 5:31 | Crear | Villager (Male) |
| 5:35 | Crear | Villager (Male) |
| 5:35 | Crear | Villager (Male) |
| 6:16 | Crear | Villager (Male) |
| 6:16 | Crear | Villager (Male) |
| 6:17 | Crear | Villager (Male) |
| 7:01 | Crear | Villager (Male) |
| 7:20 | Construir | House |
| 7:30 | Investigar | Loom |
| 7:37 | Construir | House |
| 7:59 | Construir | Barracks |
| 8:05 | Crear | Villager (Male) |
| 8:06 | Crear | Villager (Male) |
| 8:38 | Construir | House |
| 8:59 | Crear | Villager (Male) |
| 9:06 | Crear | Villager (Male) |
| 9:30 | Construir | Mining Camp |
| 9:57 | Construir | Dock |
| 10:06 | Crear | Villager (Male) |
| 10:10 | Construir | Lumber Camp |
| 10:29 | Crear | Villager (Male) |
| 10:33 | Crear | Villager (Male) |
| 11:11 | Investigar | Feudal Age |
| 11:12 | Investigar | Feudal Age |
| 11:12 | Investigar | Feudal Age |
| 11:17 | Construir | House |
| 11:20 | Construir | Palisade Wall |
| 11:22 | Construir | House |
| 11:49 | Construir | Mill |
| 11:56 | Crear | Fishing Ship |
| 12:33 | Crear | Militia |
| 12:33 | Crear | Militia |
| 12:43 | Crear | Fishing Ship |
| 13:02 | Crear | Fishing Ship |
| 13:17 | Construir | Farm |
| 13:17 | Construir | Farm |
| 13:18 | Construir | Farm |
| 13:21 | Edad | Edad Feudal |
| 13:45 | Crear | Villager (Male) |
| 13:45 | Crear | Villager (Male) |
| 13:48 | Crear | Fishing Ship |
| 14:09 | Crear | Fishing Ship |
| 14:12 | Investigar | Tech 906 |
| 14:18 | Construir | Farm |
| 14:19 | Construir | Farm |
| 14:19 | Construir | Farm |
| 14:29 | Crear | Villager (Male) |
| 14:29 | Crear | Villager (Male) |
| 14:39 | Crear | Militia |
| 14:39 | Crear | Militia |
| 14:54 | Crear | Militia |
| 14:55 | Crear | Militia |
| 15:01 | Crear | Villager (Male) |
| 15:01 | Crear | Villager (Male) |
| 15:17 | Construir | Archery Range |
| 15:33 | Crear | Villager (Male) |
| 15:33 | Crear | Villager (Male) |
| 15:33 | Crear | Villager (Male) |
| 15:41 | Construir | House |
| 15:45 | Construir | House |
| 15:46 | Crear | Villager (Male) |
| 16:00 | Crear | Militia |
| 16:00 | Crear | Militia |
| 16:20 | Investigar | Double-Bit Axe |
| 16:20 | Investigar | Double-Bit Axe |
| 16:32 | Crear | Archer |
| 16:32 | Crear | Archer |
| 16:38 | Crear | Villager (Male) |
| 16:51 | Crear | Villager (Male) |
| 16:57 | Construir | Blacksmith |
| 17:41 | Crear | Villager (Male) |
| 17:41 | Crear | Villager (Male) |
| 17:53 | Crear | Villager (Male) |
| 17:56 | Crear | Archer |
| 17:56 | Crear | Archer |
| 17:58 | Investigar | Fletching |
| 17:59 | Investigar | Man-at-Arms (upgrade) |
| 17:59 | Investigar | Man-at-Arms (upgrade) |
| 18:16 | Crear | Archer |
| 18:17 | Crear | Archer |
| 18:41 | Construir | House |
| 18:41 | Construir | House |
| 18:43 | Construir | House |
| 18:46 | Investigar | Gold Mining |
| 18:47 | Investigar | Horse Collar |
| 18:47 | Investigar | Horse Collar |
| 18:48 | Crear | Unit 2626 |
| 18:49 | Crear | Unit 2626 |
| 18:50 | Crear | Villager (Male) |
| 19:01 | Crear | Archer |
| 19:17 | Crear | Villager (Male) |
| 19:26 | Crear | Fire Galley |
| 19:28 | Crear | Villager (Male) |
| 19:47 | Crear | Villager (Male) |
| 19:54 | Construir | Mill |
| 19:55 | Construir | Farm |
| 19:55 | Construir | Farm |
| 19:55 | Construir | Farm |
| 19:56 | Construir | Farm |
| 19:56 | Construir | Farm |
| 19:56 | Construir | Farm |
| 19:57 | Crear | Villager (Male) |
| 20:06 | Construir | Farm |
| 20:42 | Crear | Villager (Male) |
| 20:47 | Construir | Farm |
| 20:47 | Construir | Farm |
| 20:48 | Construir | Farm |
| 20:49 | Crear | Villager (Male) |
| 21:21 | Crear | Villager (Male) |
| 21:27 | Investigar | Scale Mail Armor |
| 21:33 | Investigar | Padded Archer Armor |
| 21:34 | Crear | Villager (Male) |
| 21:36 | Crear | Archer |
| 21:37 | Crear | Archer |
| 21:37 | Crear | Archer |
| 21:54 | Construir | Farm |
| 21:54 | Construir | Farm |
| 21:54 | Construir | Farm |
| 21:57 | Crear | Fishing Ship |
| 22:13 | Construir | Mining Camp |
| 22:17 | Construir | House |
| 22:18 | Construir | House |
| 22:38 | Investigar | Wheelbarrow |
| 22:38 | Investigar | Wheelbarrow |
| 23:01 | Crear | Villager (Male) |
| 23:13 | Crear | Villager (Male) |
| 23:16 | Crear | Fishing Ship |
| 23:16 | Crear | Fishing Ship |
| 23:40 | Investigar | Castle Age |
| 23:40 | Crear | Villager (Male) |
| 24:41 | Investigar | Stone Mining |
| 24:41 | Investigar | Stone Mining |
| 25:02 | Crear | Fishing Ship |
| 25:03 | Crear | Fishing Ship |
Build order — Boroo
Primeras 150 de 335 acciones detectadas
| 0:19 | Construir | Town Center |
| 1:38 | Construir | Dock |
| 2:53 | Investigar | Loom |
| 4:13 | Crear | Villager (Male) |
| 4:37 | Crear | Villager (Male) |
| 4:51 | Crear | Fishing Ship |
| 5:10 | Crear | Villager (Male) |
| 5:29 | Crear | Villager (Male) |
| 5:29 | Crear | Villager (Male) |
| 5:44 | Crear | Fishing Ship |
| 6:11 | Crear | Villager (Male) |
| 6:11 | Crear | Villager (Male) |
| 6:20 | Construir | House |
| 6:35 | Construir | House |
| 6:40 | Crear | Villager (Male) |
| 6:40 | Crear | Villager (Male) |
| 7:05 | Crear | Villager (Male) |
| 7:05 | Crear | Villager (Male) |
| 7:07 | Crear | Fishing Ship |
| 7:07 | Crear | Fishing Ship |
| 7:31 | Crear | Villager (Male) |
| 7:31 | Crear | Villager (Male) |
| 7:33 | Crear | Fishing Ship |
| 7:49 | Crear | Villager (Male) |
| 8:19 | Crear | Fishing Ship |
| 8:31 | Crear | Villager (Male) |
| 8:31 | Crear | Villager (Male) |
| 8:35 | Crear | Fishing Ship |
| 8:56 | Crear | Villager (Male) |
| 8:57 | Crear | Villager (Male) |
| 9:03 | Crear | Fishing Ship |
| 9:28 | Construir | House |
| 9:29 | Construir | House |
| 9:41 | Crear | Villager (Male) |
| 10:11 | Crear | Fishing Ship |
| 10:13 | Crear | Villager (Male) |
| 10:25 | Construir | Mill |
| 10:43 | Crear | Villager (Male) |
| 10:49 | Crear | Fishing Ship |
| 10:56 | Construir | House |
| 11:08 | Crear | Villager (Male) |
| 11:45 | Investigar | Feudal Age |
| 11:52 | Construir | Mining Camp |
| 12:12 | Construir | Dock |
| 12:16 | Construir | House |
| 12:17 | Construir | House |
| 12:25 | Crear | Fishing Ship |
| 12:41 | Construir | Lumber Camp |
| 12:49 | Crear | Villager (Male) |
| 13:29 | Crear | Fishing Ship |
| 13:43 | Crear | Villager (Male) |
| 13:55 | Edad | Edad Feudal |
| 13:57 | Construir | Blacksmith |
| 14:00 | Investigar | Double-Bit Axe |
| 14:24 | Crear | Villager (Male) |
| 14:25 | Crear | Villager (Male) |
| 14:27 | Crear | Unit 2626 |
| 14:46 | Crear | Unit 2626 |
| 15:11 | Construir | Market |
| 15:18 | Crear | Villager (Male) |
| 16:00 | Investigar | Castle Age |
| 16:00 | Investigar | Castle Age |
| 16:09 | Construir | Mining Camp |
| 16:14 | Investigar | Gold Mining |
| 16:40 | Crear | Villager (Male) |
| 16:42 | Investigar | Stone Mining |
| 16:55 | Investigar | Tech 906 |
| 16:55 | Crear | Fishing Ship |
| 17:13 | Crear | Unit 2626 |
| 17:13 | Crear | Unit 2626 |
| 17:32 | Construir | Outpost |
| 18:09 | Construir | House |
| 18:11 | Construir | House |
| 18:19 | Construir | House |
| 18:30 | Crear | Unit 2626 |
| 18:30 | Crear | Unit 2626 |
| 18:40 | Edad | Edad de los Castillos |
| 19:40 | Construir | Castle |
| 20:14 | Investigar | Bow Saw |
| 20:26 | Construir | Dock |
| 20:57 | Crear | Chu Ko Nu |
| 21:07 | Construir | Mining Camp |
| 21:09 | Crear | Villager (Male) |
| 21:10 | Crear | Villager (Male) |
| 21:15 | Crear | Chu Ko Nu |
| 21:49 | Crear | Villager (Male) |
| 22:05 | Construir | Town Center |
| 22:24 | Crear | Chu Ko Nu |
| 22:44 | Construir | Siege Workshop |
| 22:47 | Crear | Villager (Male) |
| 22:55 | Crear | Chu Ko Nu |
| 22:56 | Crear | Villager (Male) |
| 22:57 | Crear | Villager (Male) |
| 23:19 | Crear | Villager (Male) |
| 23:20 | Crear | Villager (Male) |
| 23:20 | Crear | Villager (Male) |
| 23:44 | Construir | Town Center |
| 23:57 | Crear | Villager (Male) |
| 24:08 | Crear | Villager (Male) |
| 24:20 | Crear | Villager (Male) |
| 24:32 | Investigar | Fletching |
| 25:28 | Crear | Villager (Male) |
| 25:29 | Crear | Villager (Male) |
| 25:29 | Crear | Villager (Male) |
| 25:29 | Crear | Villager (Male) |
| 25:29 | Crear | Villager (Male) |
| 25:46 | Construir | Farm |
| 25:48 | Construir | Farm |
| 25:49 | Construir | Farm |
| 25:50 | Construir | Farm |
| 25:52 | Construir | Farm |
| 25:54 | Construir | Farm |
| 25:55 | Construir | Farm |
| 25:56 | Construir | Farm |
| 26:38 | Crear | Villager (Male) |
| 26:38 | Crear | Villager (Male) |
| 26:57 | Crear | Villager (Male) |
| 26:59 | Investigar | Horse Collar |
| 27:04 | Construir | Farm |
| 27:06 | Construir | Farm |
| 27:07 | Construir | Farm |
| 27:11 | Construir | Farm |
| 27:12 | Construir | Farm |
| 27:14 | Crear | Villager (Male) |
| 27:14 | Crear | Villager (Male) |
| 27:15 | Crear | Villager (Male) |
| 27:35 | Crear | Villager (Male) |
| 27:35 | Crear | Villager (Male) |
| 27:43 | Crear | Villager (Male) |
| 27:43 | Crear | Villager (Male) |
| 27:44 | Crear | Villager (Male) |
| 28:11 | Crear | Villager (Male) |
| 28:21 | Construir | Farm |
| 28:23 | Construir | Mill |
| 28:25 | Construir | Farm |
| 28:27 | Construir | Farm |
| 28:32 | Crear | Villager (Male) |
| 28:33 | Crear | Villager (Male) |
| 28:33 | Crear | Villager (Male) |
| 28:35 | Construir | Farm |
| 28:40 | Construir | Farm |
| 28:49 | Crear | Villager (Male) |
| 28:49 | Crear | Villager (Male) |
| 28:49 | Crear | Villager (Male) |
| 29:07 | Construir | Farm |
| 29:09 | Crear | Villager (Male) |
| 29:25 | Crear | Villager (Male) |
| 29:33 | Crear | Villager (Male) |
| 29:39 | Investigar | Bodkin Arrow |
| 29:52 | Crear | Villager (Male) |
Build order — LRNI_robotech
Primeras 150 de 305 acciones detectadas
| 0:21 | Construir | Town Center |
| 2:44 | Crear | Villager (Male) |
| 2:44 | Crear | Villager (Male) |
| 2:44 | Crear | Villager (Male) |
| 2:45 | Crear | Villager (Male) |
| 4:02 | Crear | Villager (Male) |
| 4:03 | Crear | Villager (Male) |
| 4:45 | Crear | Villager (Male) |
| 4:46 | Crear | Villager (Male) |
| 5:17 | Crear | Villager (Male) |
| 5:17 | Crear | Villager (Male) |
| 5:17 | Crear | Villager (Male) |
| 5:48 | Crear | Villager (Male) |
| 6:25 | Crear | Villager (Male) |
| 6:26 | Crear | Villager (Male) |
| 6:38 | Construir | Dock |
| 6:42 | Crear | Villager (Male) |
| 7:13 | Crear | Villager (Male) |
| 7:24 | Crear | Fishing Ship |
| 7:24 | Crear | Fishing Ship |
| 7:24 | Crear | Fishing Ship |
| 7:49 | Crear | Villager (Male) |
| 7:49 | Crear | Villager (Male) |
| 7:50 | Crear | Villager (Male) |
| 7:54 | Crear | Fishing Ship |
| 8:04 | Investigar | Loom |
| 8:17 | Crear | Villager (Male) |
| 8:30 | Crear | Fishing Ship |
| 8:53 | Crear | Fishing Ship |
| 9:04 | Crear | Villager (Male) |
| 9:52 | Crear | Villager (Male) |
| 9:53 | Crear | Villager (Male) |
| 10:03 | Crear | Fishing Ship |
| 10:08 | Construir | Mill |
| 10:22 | Crear | Villager (Male) |
| 10:40 | Crear | Fishing Ship |
| 11:03 | Crear | Villager (Male) |
| 11:24 | Crear | Fishing Ship |
| 11:48 | Investigar | Feudal Age |
| 12:05 | Construir | Lumber Camp |
| 12:08 | Crear | Fishing Ship |
| 13:07 | Construir | Dock |
| 13:58 | Edad | Edad Feudal |
| 14:02 | Crear | Fire Galley |
| 14:02 | Crear | Fire Galley |
| 14:02 | Crear | Fire Galley |
| 14:03 | Crear | Fire Galley |
| 14:03 | Crear | Fire Galley |
| 14:06 | Crear | Villager (Male) |
| 14:06 | Crear | Villager (Male) |
| 14:06 | Crear | Villager (Male) |
| 14:06 | Crear | Villager (Male) |
| 14:07 | Crear | Villager (Male) |
| 14:07 | Crear | Villager (Male) |
| 14:30 | Investigar | Double-Bit Axe |
| 14:40 | Crear | Fire Galley |
| 15:20 | Crear | Fire Galley |
| 15:20 | Crear | Fire Galley |
| 15:29 | Crear | Fire Galley |
| 15:55 | Crear | Villager (Male) |
| 15:56 | Crear | Villager (Male) |
| 16:35 | Crear | Villager (Male) |
| 16:45 | Crear | Demolition Raft |
| 16:45 | Crear | Demolition Raft |
| 16:45 | Crear | Demolition Raft |
| 16:48 | Crear | Demolition Raft |
| 16:49 | Crear | Demolition Raft |
| 17:14 | Crear | Fire Galley |
| 17:15 | Crear | Fire Galley |
| 17:21 | Construir | Dock |
| 17:30 | Crear | Villager (Male) |
| 17:30 | Crear | Villager (Male) |
| 17:32 | Crear | Villager (Male) |
| 17:32 | Crear | Villager (Male) |
| 17:53 | Crear | Villager (Male) |
| 17:53 | Crear | Villager (Male) |
| 17:57 | Construir | Blacksmith |
| 18:04 | Construir | Palisade Wall |
| 18:26 | Crear | Fishing Ship ×5 |
| 18:27 | Crear | Fishing Ship ×5 |
| 18:27 | Crear | Fishing Ship ×5 |
| 18:57 | Construir | Barracks |
| 19:38 | Construir | Market |
| 19:39 | Crear | Villager (Male) |
| 19:39 | Crear | Villager (Male) |
| 19:46 | Crear | Fishing Ship ×2 |
| 19:46 | Crear | Fishing Ship ×2 |
| 19:47 | Crear | Fishing Ship ×2 |
| 20:01 | Investigar | Wheelbarrow |
| 20:38 | Crear | Fishing Ship |
| 20:39 | Crear | Fishing Ship |
| 20:55 | Construir | Stable |
| 21:19 | Investigar | Castle Age |
| 21:29 | Construir | Stable |
| 21:32 | Investigar | Scale Barding Armor |
| 21:33 | Investigar | Forging |
| 21:41 | Crear | Fishing Ship ×3 |
| 21:41 | Crear | Fishing Ship ×3 |
| 22:13 | Construir | Lumber Camp |
| 22:22 | Construir | Mining Camp |
| 22:41 | Crear | Villager (Male) |
| 22:41 | Crear | Villager (Male) |
| 22:46 | Investigar | Bloodlines |
| 22:50 | Construir | Stable |
| 23:38 | Construir | Stable |
| 23:43 | Crear | Fishing Ship ×5 |
| 23:43 | Crear | Fishing Ship ×5 |
| 24:02 | Construir | Dock |
| 24:56 | Crear | Fire Galley ×5 |
| 24:56 | Crear | Fire Galley ×5 |
| 24:57 | Crear | Fire Galley ×5 |
| 24:58 | Crear | Fire Galley |
| 25:06 | Edad | Edad de los Castillos |
| 25:21 | Crear | Knight ×5 |
| 25:21 | Crear | Knight ×5 |
| 25:22 | Crear | Knight ×5 |
| 25:22 | Crear | Knight ×5 |
| 25:24 | Crear | Villager (Male) |
| 25:25 | Crear | Villager (Male) |
| 25:31 | Crear | Villager (Male) |
| 25:32 | Crear | Villager (Male) |
| 25:34 | Construir | Town Center |
| 25:46 | Investigar | Bow Saw |
| 25:58 | Crear | Villager (Male) |
| 25:58 | Crear | Villager (Male) |
| 26:47 | Crear | Villager (Male) |
| 26:47 | Crear | Villager (Male) |
| 27:11 | Investigar | War Galley (upgrade) |
| 27:14 | Crear | Villager (Male) |
| 27:14 | Crear | Villager (Male) |
| 27:23 | Crear | Knight ×5 |
| 27:23 | Crear | Knight ×5 |
| 27:23 | Crear | Knight ×5 |
| 27:31 | Crear | Villager (Male) |
| 27:31 | Crear | Villager (Male) |
| 27:31 | Crear | Villager (Male) |
| 27:46 | Crear | Fishing Ship ×5 |
| 27:46 | Crear | Fishing Ship ×5 |
| 27:46 | Crear | Fishing Ship ×5 |
| 27:46 | Crear | Fishing Ship ×5 |
| 27:47 | Crear | Fishing Ship ×5 |
| 28:04 | Crear | Villager (Male) |
| 28:04 | Crear | Villager (Male) |
| 28:08 | Construir | Monastery |
| 28:36 | Crear | Villager (Male) |
| 28:36 | Crear | Villager (Male) |
| 28:37 | Crear | Villager (Male) |
| 29:17 | Investigar | Chain Barding Armor |
| 29:23 | Construir | Farm |
| 29:23 | Construir | Farm |
Build order — SaynhurChouk
Primeras 150 de 250 acciones detectadas
| 0:19 | Construir | Town Center |
| 0:33 | Construir | Town Center |
| 2:47 | Construir | Dock |
| 2:48 | Construir | House |
| 3:09 | Crear | Villager (Male) |
| 3:09 | Crear | Villager (Male) |
| 3:37 | Construir | Palisade Wall |
| 3:41 | Construir | Palisade Wall |
| 3:42 | Construir | Palisade Wall |
| 3:44 | Construir | Palisade Wall |
| 3:49 | Crear | Villager (Male) |
| 4:20 | Crear | Villager (Male) |
| 4:40 | Crear | Villager (Male) |
| 5:06 | Crear | Villager (Male) |
| 5:33 | Construir | House |
| 5:39 | Crear | Villager (Male) |
| 5:39 | Crear | Villager (Male) |
| 5:56 | Crear | Villager (Male) |
| 6:11 | Crear | Villager (Male) |
| 6:31 | Investigar | Loom |
| 6:40 | Construir | House |
| 6:59 | Crear | Villager (Male) |
| 7:15 | Crear | Villager (Male) |
| 7:46 | Crear | Villager (Male) |
| 7:49 | Crear | Fishing Ship |
| 8:12 | Crear | Villager (Male) |
| 8:22 | Construir | Mill |
| 8:39 | Crear | Villager (Male) |
| 8:42 | Construir | House |
| 9:18 | Crear | Villager (Male) |
| 9:29 | Crear | Villager (Male) |
| 9:52 | Crear | Villager (Male) |
| 10:06 | Construir | Mill |
| 10:19 | Crear | Villager (Male) |
| 10:19 | Crear | Villager (Male) |
| 10:49 | Construir | House |
| 10:55 | Crear | Fishing Ship |
| 11:08 | Crear | Villager (Male) |
| 11:08 | Crear | Villager (Male) |
| 11:12 | Crear | Fishing Ship |
| 11:37 | Crear | Villager (Male) |
| 11:44 | Construir | Mining Camp |
| 12:00 | Crear | Fishing Ship |
| 12:07 | Investigar | Feudal Age |
| 12:25 | Crear | Fishing Ship |
| 13:10 | Crear | Villager (Male) |
| 14:04 | Construir | Mill |
| 14:25 | Construir | Palisade Wall |
| 14:29 | Construir | Palisade Wall |
| 14:29 | Edad | Edad Feudal |
| 14:31 | Construir | Palisade Wall |
| 14:33 | Construir | Palisade Wall |
| 14:38 | Crear | Villager (Male) |
| 14:41 | Construir | Market |
| 15:03 | Crear | Villager (Male) |
| 15:29 | Construir | Blacksmith |
| 15:47 | Crear | Villager (Male) |
| 15:47 | Crear | Villager (Male) |
| 15:56 | Construir | House |
| 16:05 | Investigar | Castle Age |
| 16:22 | Crear | Villager (Male) |
| 16:33 | Construir | Lumber Camp |
| 17:03 | Crear | Villager (Male) |
| 17:10 | Construir | Palisade Wall |
| 17:11 | Construir | Palisade Wall |
| 17:15 | Construir | Palisade Wall |
| 17:16 | Construir | Palisade Wall |
| 17:38 | Construir | Barracks |
| 17:49 | Crear | Villager (Male) |
| 18:29 | Investigar | Scale Barding Armor |
| 18:41 | Construir | Stable |
| 18:45 | Edad | Edad de los Castillos |
| 19:24 | Crear | Shrivamsha Rider |
| 19:24 | Crear | Shrivamsha Rider |
| 19:36 | Crear | Shrivamsha Rider |
| 19:37 | Crear | Villager (Male) |
| 19:37 | Crear | Villager (Male) |
| 19:42 | Construir | Stable |
| 19:52 | Crear | Villager (Male) |
| 19:57 | Investigar | Husbandry |
| 20:06 | Construir | Mill |
| 20:10 | Construir | House |
| 20:11 | Construir | House |
| 20:11 | Construir | House |
| 20:22 | Crear | Shrivamsha Rider |
| 20:23 | Crear | Shrivamsha Rider |
| 20:49 | Construir | Mining Camp |
| 21:02 | Crear | Villager (Male) |
| 21:04 | Crear | Demolition Raft |
| 21:04 | Crear | Demolition Raft |
| 21:37 | Crear | Shrivamsha Rider |
| 21:41 | Crear | Villager (Male) |
| 21:41 | Crear | Villager (Male) |
| 21:45 | Construir | Farm |
| 21:45 | Construir | Farm |
| 22:00 | Crear | Villager (Male) |
| 22:03 | Construir | Farm |
| 22:13 | Construir | Monastery |
| 22:19 | Crear | Villager (Male) |
| 22:56 | Crear | Shrivamsha Rider |
| 22:58 | Construir | House |
| 23:06 | Crear | Monk |
| 23:10 | Construir | House |
| 23:14 | Crear | Shrivamsha Rider |
| 23:30 | Crear | Villager (Male) |
| 23:30 | Crear | Villager (Male) |
| 23:31 | Crear | Villager (Male) |
| 23:41 | Construir | Farm |
| 23:41 | Construir | Farm |
| 24:00 | Crear | Shrivamsha Rider ×2 |
| 24:21 | Crear | Villager (Male) |
| 24:21 | Crear | Villager (Male) |
| 24:43 | Crear | Villager (Male) |
| 24:44 | Crear | Villager (Male) |
| 24:54 | Construir | Siege Workshop |
| 25:01 | Construir | Castle |
| 25:25 | Crear | Shrivamsha Rider ×3 |
| 25:41 | Construir | Stone Wall |
| 25:48 | Crear | Shrivamsha Rider ×2 |
| 25:48 | Crear | Shrivamsha Rider ×2 |
| 26:02 | Construir | Castle |
| 26:12 | Crear | Shrivamsha Rider |
| 26:26 | Crear | Shrivamsha Rider |
| 26:26 | Crear | Shrivamsha Rider |
| 26:36 | Crear | Shrivamsha Rider |
| 27:19 | Construir | Lumber Camp |
| 27:20 | Crear | Villager (Male) |
| 27:54 | Crear | Villager (Male) |
| 27:54 | Crear | Villager (Male) |
| 27:56 | Construir | Farm |
| 28:03 | Construir | House |
| 28:28 | Crear | Shrivamsha Rider |
| 28:28 | Crear | Shrivamsha Rider |
| 28:32 | Construir | Farm |
| 28:34 | Investigar | Sanctity |
| 28:53 | Construir | Siege Workshop |
| 29:01 | Crear | Villager (Male) |
| 29:10 | Construir | Farm |
| 29:21 | Crear | Villager (Male) |
| 29:29 | Construir | Town Center |
| 29:35 | Crear | Villager (Male) |
| 29:38 | Construir | Farm |
| 30:04 | Crear | Shrivamsha Rider |
| 30:18 | Crear | Mangonel |
| 30:26 | Crear | Villager (Male) |
| 30:27 | Crear | Villager (Male) |
| 30:30 | Construir | Farm |
| 30:53 | Crear | Villager (Male) |
| 31:05 | Crear | Mangonel |
| 31:17 | Crear | Shrivamsha Rider |
Build order — LRNI_UzuI
Primeras 150 de 340 acciones detectadas
| 0:31 | Construir | Town Center |
| 2:36 | Construir | House |
| 2:38 | Construir | House |
| 2:49 | Crear | Villager (Male) ×4 |
| 2:50 | Crear | Villager (Male) ×4 |
| 4:18 | Crear | Villager (Male) |
| 4:18 | Crear | Villager (Male) |
| 4:18 | Crear | Villager (Male) |
| 4:37 | Construir | Mill |
| 4:52 | Crear | Villager (Male) |
| 4:52 | Investigar | Loom |
| 5:38 | Crear | Villager (Male) |
| 6:04 | Crear | Villager (Male) |
| 6:47 | Crear | Villager (Male) |
| 6:49 | Crear | Villager (Male) |
| 7:13 | Construir | House |
| 7:14 | Construir | House |
| 7:23 | Crear | Villager (Male) |
| 7:23 | Crear | Villager (Male) |
| 7:24 | Crear | Villager (Male) |
| 7:49 | Crear | Villager (Male) |
| 8:07 | Crear | Villager (Male) |
| 8:50 | Crear | Villager (Male) |
| 8:55 | Construir | Mill |
| 9:00 | Crear | Villager (Male) |
| 9:20 | Crear | Villager (Male) |
| 9:26 | Construir | Lumber Camp |
| 10:51 | Investigar | Feudal Age |
| 10:52 | Investigar | Feudal Age |
| 10:52 | Investigar | Feudal Age |
| 11:12 | Construir | Barracks |
| 12:24 | Crear | Villager (Male) |
| 13:01 | Edad | Edad Feudal |
| 13:04 | Construir | Stable |
| 13:07 | Construir | Blacksmith |
| 13:13 | Investigar | Double-Bit Axe |
| 13:19 | Crear | Villager (Male) |
| 13:48 | Investigar | Forging |
| 13:48 | Investigar | Forging |
| 13:49 | Crear | Scout Cavalry |
| 13:50 | Crear | Scout Cavalry |
| 13:51 | Crear | Scout Cavalry |
| 13:58 | Construir | House |
| 13:58 | Construir | House |
| 14:03 | Crear | Villager (Male) |
| 14:33 | Crear | Villager (Male) |
| 14:45 | Construir | Pasture |
| 14:49 | Crear | Scout Cavalry |
| 14:52 | Construir | House |
| 15:08 | Crear | Villager (Male) |
| 15:08 | Crear | Villager (Male) |
| 15:08 | Crear | Villager (Male) |
| 15:13 | Construir | Pasture |
| 15:25 | Crear | Scout Cavalry |
| 15:41 | Crear | Villager (Male) |
| 15:45 | Construir | Pasture |
| 16:01 | Crear | Villager (Male) |
| 16:19 | Crear | Villager (Male) |
| 16:36 | Crear | Scout Cavalry |
| 16:59 | Crear | Villager (Male) |
| 17:18 | Crear | Villager (Male) |
| 17:34 | Crear | Scout Cavalry |
| 17:52 | Crear | Villager (Male) |
| 17:54 | Crear | Villager (Male) |
| 18:19 | Crear | Villager (Male) |
| 18:28 | Construir | Mining Camp |
| 18:47 | Construir | Pasture |
| 18:51 | Construir | Market |
| 19:06 | Crear | Scout Cavalry |
| 19:12 | Crear | Villager (Male) |
| 19:13 | Crear | Villager (Male) |
| 19:17 | Construir | Pasture |
| 19:39 | Crear | Villager (Male) |
| 19:54 | Construir | Pasture |
| 20:21 | Construir | Pasture |
| 20:47 | Crear | Villager (Male) |
| 20:52 | Construir | House |
| 20:53 | Construir | House |
| 20:53 | Construir | House |
| 20:53 | Construir | House |
| 21:04 | Crear | Spearman |
| 21:04 | Crear | Spearman |
| 21:17 | Crear | Villager (Male) |
| 21:28 | Construir | Pasture |
| 21:48 | Crear | Villager (Male) |
| 22:03 | Construir | Stable |
| 22:10 | Crear | Villager (Male) |
| 22:47 | Investigar | Castle Age |
| 22:47 | Investigar | Castle Age |
| 23:02 | Construir | Pasture |
| 23:22 | Investigar | Scale Barding Armor |
| 23:32 | Investigar | Gold Mining |
| 23:33 | Investigar | Gold Mining |
| 23:56 | Investigar | Tech 1014 |
| 25:26 | Crear | Villager (Male) |
| 25:27 | Edad | Edad de los Castillos |
| 25:30 | Investigar | Husbandry |
| 25:31 | Crear | Camel Scout |
| 25:34 | Construir | Stable |
| 25:37 | Investigar | Iron Casting |
| 25:41 | Crear | Camel Scout |
| 25:46 | Crear | Villager (Male) |
| 26:01 | Construir | Town Center |
| 26:07 | Investigar | Wheelbarrow |
| 26:09 | Crear | Camel Scout |
| 26:09 | Crear | Camel Scout |
| 26:09 | Crear | Camel Scout |
| 26:10 | Crear | Camel Scout |
| 26:10 | Crear | Camel Scout |
| 26:13 | Crear | Camel Scout |
| 26:58 | Crear | Villager (Male) |
| 27:03 | Crear | Camel Scout |
| 27:03 | Crear | Camel Scout |
| 27:04 | Crear | Camel Scout |
| 27:08 | Crear | Villager (Male) |
| 27:34 | Crear | Camel Scout |
| 27:35 | Crear | Camel Scout |
| 27:35 | Crear | Camel Scout |
| 27:43 | Construir | Town Center |
| 27:54 | Crear | Camel Scout |
| 27:54 | Crear | Camel Scout |
| 27:54 | Crear | Camel Scout |
| 28:01 | Crear | Camel Scout |
| 28:02 | Crear | Camel Scout |
| 28:02 | Crear | Camel Scout |
| 28:04 | Crear | Villager (Male) |
| 28:04 | Crear | Villager (Male) |
| 28:05 | Crear | Villager (Male) |
| 28:22 | Crear | Camel Scout |
| 28:22 | Crear | Camel Scout |
| 28:29 | Crear | Villager (Male) |
| 28:30 | Crear | Villager (Male) |
| 28:30 | Crear | Villager (Male) |
| 28:43 | Crear | Villager (Male) |
| 28:43 | Crear | Villager (Male) |
| 28:55 | Crear | Villager (Male) |
| 28:55 | Crear | Villager (Male) |
| 29:01 | Construir | Pasture |
| 29:10 | Crear | Villager (Male) |
| 29:22 | Crear | Villager (Male) |
| 29:36 | Crear | Villager (Male) |
| 29:44 | Construir | Mining Camp |
| 29:50 | Crear | Villager (Male) |
| 29:50 | Crear | Villager (Male) |
| 29:59 | Investigar | Town Watch |
| 30:07 | Crear | Camel Scout |
| 30:22 | Crear | Villager (Male) |
| 30:44 | Crear | Villager (Male) |
| 30:45 | Crear | Villager (Male) |
| 30:48 | Construir | House |
Cronología de la partida
| 1:38 | Boroo · first_building Dock |
| 2:38 | LRNI_Ghost-Jhon · first_building Dock |
| 2:47 | SaynhurChouk · first_building Dock |
| 3:29 | yenyang · first_building Dock |
| 3:37 | SaynhurChouk · wall_segment Palisade Wall x1 |
| 3:41 | SaynhurChouk · wall_segment Palisade Wall x1 |
| 3:42 | SaynhurChouk · wall_segment Palisade Wall x1 |
| 3:44 | SaynhurChouk · wall_segment Palisade Wall x1 |
| 5:14 | AztecKiller2427 · first_building Dock |
| 5:18 | yenyang · wall_segment Palisade Wall x1 |
| 6:38 | LRNI_robotech · first_building Dock |
| 6:59 | yenyang · wall_segment Palisade Wall x5 |
| 7:59 | LRNI MarinM · first_building Barracks |
| 8:56 | AztecKiller2427 · first_building Barracks |
| 9:57 | LRNI MarinM · first_building Dock |
| 10:22 | AztecKiller2427 · wall_segment Palisade Wall x3 |
| 10:25 | AztecKiller2427 · wall_segment Palisade Wall x4 |
| 10:28 | AztecKiller2427 · wall_segment Palisade Wall x6 |
| 11:12 | LRNI_UzuI · first_building Barracks |
| 11:20 | LRNI MarinM · wall_segment Palisade Wall x1 |
| 11:37 | AztecKiller2427 · wall_segment Palisade Wall x2 |
| 11:41 | AztecKiller2427 · wall_segment Palisade Wall x4 |
| 11:42 | AztecKiller2427 · wall_segment Palisade Wall x4 |
| 12:05 | yenyang · wall_segment Palisade Wall x1 |
| 12:06 | yenyang · wall_segment Palisade Wall x1 |
| 12:51 | AztecKiller2427 · age_up feudal |
| 13:01 | AztecKiller2427 · first_building Stable |
| 13:01 | LRNI_UzuI · age_up feudal |
| 13:04 | LRNI_UzuI · first_building Stable |
| 13:21 | LRNI MarinM · age_up feudal |
| 13:24 | yenyang · wall_segment Palisade Wall x1 |
| 13:39 | LRNI_Ghost-Jhon · age_up feudal |
| 13:55 | Boroo · age_up feudal |
| 13:58 | LRNI_robotech · age_up feudal |
| 14:25 | SaynhurChouk · wall_segment Palisade Wall x1 |
| 14:29 | SaynhurChouk · age_up feudal |
| 14:29 | SaynhurChouk · wall_segment Palisade Wall x1 |
| 14:31 | SaynhurChouk · wall_segment Palisade Wall x1 |
| 14:33 | SaynhurChouk · wall_segment Palisade Wall x1 |
| 15:17 | LRNI MarinM · first_building Archery Range |
| 15:30 | LRNI_Ghost-Jhon · first_market_sell 100 food |
| 15:31 | AztecKiller2427 · wall_segment Palisade Wall x6 |
| 15:34 | AztecKiller2427 · wall_segment Palisade Wall x6 |
| 16:12 | yenyang · age_up feudal |
| 17:10 | SaynhurChouk · wall_segment Palisade Wall x1 |
| 17:11 | SaynhurChouk · wall_segment Palisade Wall x1 |
| 17:15 | SaynhurChouk · wall_segment Palisade Wall x1 |
| 17:16 | SaynhurChouk · wall_segment Palisade Wall x1 |
| 17:38 | SaynhurChouk · first_building Barracks |
| 18:01 | AztecKiller2427 · first_building Archery Range |
| 18:04 | LRNI_robotech · wall_segment Palisade Wall x1 |
| 18:19 | LRNI_Ghost-Jhon · first_market_buy 100 food |
| 18:24 | LRNI_Ghost-Jhon · age_up castle |
| 18:40 | Boroo · age_up castle |
| 18:41 | SaynhurChouk · first_building Stable |
| 18:45 | SaynhurChouk · age_up castle |
| 18:45 | LRNI_Ghost-Jhon · first_building Castle |
| 18:57 | LRNI_robotech · first_building Barracks |
| 19:34 | Boroo · first_market_sell 100 food |
| 19:34 | Boroo · first_market_buy 100 stone |
| 19:40 | Boroo · first_building Castle |
| 19:58 | yenyang · age_up castle |
| 20:09 | yenyang · first_building Monastery |
| 20:55 | LRNI_robotech · first_building Stable |
| 20:55 | AztecKiller2427 · age_up castle |
| 21:20 | LRNI_UzuI · first_market_buy 100 food |
| 22:13 | SaynhurChouk · first_building Monastery |
| 22:30 | AztecKiller2427 · first_market_sell 100 food |
| 22:44 | Boroo · first_building Siege Workshop |
| 23:54 | yenyang · first_building Barracks |
| 23:59 | SaynhurChouk · first_market_buy 100 food |
| 24:54 | SaynhurChouk · first_building Siege Workshop |
| 25:01 | SaynhurChouk · first_building Castle |
| 25:03 | yenyang · first_building Stable |
| 25:06 | LRNI_robotech · age_up castle |
| 25:27 | LRNI_UzuI · age_up castle |
| 25:41 | SaynhurChouk · wall_segment Stone Wall x1 |
| 25:59 | AztecKiller2427 · first_building Monastery |
| 26:33 | LRNI MarinM · age_up castle |
| 26:51 | yenyang · first_building Castle |
| 27:21 | yenyang · age_up imperial |
| 27:52 | LRNI MarinM · first_building Castle |
| 28:01 | yenyang · wall_segment Stone Wall x1 |
| 28:01 | LRNI_UzuI · first_market_sell 100 food |
| 28:04 | yenyang · wall_segment Stone Wall x1 |
| 28:08 | LRNI_robotech · first_building Monastery |
| 28:08 | yenyang · wall_segment Stone Wall x1 |
| 31:08 | LRNI_UzuI · tribute_sent a jugador 1 |
| 31:08 | LRNI_UzuI · tribute_sent a jugador 2 |
| 31:08 | LRNI_UzuI · tribute_sent a jugador 3 |
| 31:08 | LRNI_UzuI · tribute_sent a jugador 4 |
| 31:08 | LRNI_UzuI · tribute_sent a jugador 5 |
| 31:08 | LRNI_UzuI · tribute_sent a jugador 6 |
| 31:08 | LRNI_UzuI · tribute_sent a jugador 7 |
| 32:16 | LRNI MarinM · first_market_buy 100 food |
| 32:34 | LRNI MarinM · first_building Siege Workshop |
| 33:47 | LRNI MarinM · tribute_sent a jugador 1 |
| 33:47 | LRNI MarinM · tribute_sent a jugador 2 |
| 33:47 | LRNI MarinM · tribute_sent a jugador 3 |
| 33:47 | LRNI MarinM · tribute_sent a jugador 5 |
| 33:47 | LRNI MarinM · tribute_sent a jugador 6 |
| 33:47 | LRNI MarinM · tribute_sent a jugador 7 |
| 33:47 | LRNI MarinM · tribute_sent a jugador 8 |
| 33:58 | LRNI_UzuI · first_building Castle |
| 34:21 | LRNI_robotech · first_building Siege Workshop |
| 35:12 | LRNI MarinM · first_market_sell 100 food |
| 36:18 | LRNI_UzuI · first_building Archery Range |
| 36:49 | LRNI_Ghost-Jhon · first_building Siege Workshop |
| 37:06 | LRNI_robotech · age_up imperial |
| 38:24 | LRNI_robotech · first_market_sell 100 wood |
| 38:31 | AztecKiller2427 · age_up imperial |
| 41:24 | Boroo · first_building Barracks |
| 41:38 | LRNI_robotech · first_building Archery Range |
| 41:50 | Boroo · age_up imperial |
| 42:41 | LRNI_robotech · first_market_buy 100 stone |
| 42:52 | LRNI_robotech · first_building Castle |
| 43:34 | AztecKiller2427 · first_building Siege Workshop |
| 44:26 | LRNI MarinM · resign |
[ ANÁLISIS IA · 1 CRÉDITO ]
¿Qué pasó realmente en esta partida?
Wolo.gg analiza cada decisión: build order, eco, micro, errores típicos por bracket. Análisis personalizado por WhatsApp o Discord en 30 segundos.
Guía civ
Wu
Perfil
LRNI_Ghost-Jhon